 Dungeon Crawl Stone Soup version 0.15.0-31-geb66e34 (webtiles) character file.

1724 Psiweapon the Twirler (level 9, -5/52 HPs)
             Began as a Tengu Gladiator on Sept 12, 2014.
             Was an Elder of Cheibriados.
             Slain by an orc warrior
             ... wielding a +0 flail
              (18 damage)
             ... on Level 7 of the Dungeon.
             The game lasted 00:25:14 (5457 turns).

Psiweapon the Twirler (Tengu Gladiator)             Turns: 5457, Time: 00:25:14

HP  -5/52        AC  8     Str 24      XL: 9   Next:  4%
MP   9/16        EV 16     Int 20      God: Cheibriados [****..]
Gold 358         SH  0     Dex 25      Spells:  3 memorised,  5 levels left

rFire  . . .     SeeInvis .     I - +4 quarterstaff (chaos)
rCold  . . .     Clarity  .     q - +0 ring mail
rNeg   . . .     rCorr    .     (no shield)
rPois  .         rRot     .     c - +0 hat
rElec  .         Spirit   .     o - +1 cloak
SustAb .         Warding  .     (no gloves)
rMut   .         Rnd*Tele +     (boots unavailable)
Gourm  .                        (no amulet)
MR     .....                    k - cursed ring of teleportation
                                B - ring of regeneration

@: very slow, not resistant to hostile enchantments, unstealthy
A: able to fly, beak, talons 3
a: Fly, Bend Time, Temporal Distortion, Slouch, Renounce Religion, Evoke
Teleportation


You were on level 7 of the Dungeon.
You worshipped Cheibriados.
Cheibriados was greatly pleased with you.
You were not hungry.

You visited 2 branches of the dungeon, and saw 8 of its levels.
You also visited: Ossuary.

You collected 358 gold pieces.

Inventory:

Hand weapons
 a - a +0 quarterstaff
 i - a cursed +2 whip of freezing
 y - a cursed +0 hunting sling
 I - a +4 quarterstaff of chaos (weapon)
 M - a +0 blowgun
 P - a +4 hunting sling of flaming
Missiles
 e - 5 sling bullets
 H - 17 stones (quivered)
 J - 3 throwing nets
 N - 9 poisoned needles
Armour
 c - a +0 hat (worn)
 o - a +1 cloak (worn)
 q - a +0 ring mail (worn)
Magical devices
 R - a wand of digging (7)
Comestibles
 f - 4 bread rations
 j - a meat ration
 n - a slice of pizza
 p - 3 beef jerkies
Scrolls
 b - a scroll of recharging {unknown}
 d - a scroll of blinking {unknown}
 l - 3 scrolls of enchant weapon
 m - 4 scrolls of remove curse
 r - 4 scrolls of identify
 s - a scroll of immolation {unknown}
 u - 2 scrolls of magic mapping
 w - a scroll of teleportation
 G - 2 scrolls of noise {unknown}
Jewellery
 k - a cursed ring of teleportation (right hand)
 B - a ring of regeneration (left hand)
Potions
 g - 2 potions of heal wounds {unknown}
 h - 10 potions of curing
 t - 2 potions of brilliance {unknown}
 v - 4 potions of restore abilities {unknown}
 x - 2 potions of magic {unknown}
 z - a potion of flight {unknown}
 A - 3 potions of poison {unknown}
 C - a potion of resistance {unknown}
 D - a potion of agility
 E - a potion of confusion
 F - a potion of degeneration
 L - a potion of might {unknown}
Books
 K - a book of Clouds

   Spells                             Type                      Level
   Mephitic Cloud                     Conjuration/Poison/Air       3
   *Conjure Flame                     Conjuration/Fire             3
   Poisonous Cloud                    Conjuration/Poison/Air       6
   Freezing Cloud                     Conjuration/Ice/Air          6
   Ring of Flames                     Charms/Fire                  7
 O - a book of Cantrips

   Spells                             Type                      Level
   *Corona                            Hexes                        1
   *Animate Skeleton                  Necromancy                   1
   Summon Small Mammal                Summoning                    1
   Apportation                        Translocation                1


   Skills:
 - Level 4.2 Fighting
 + Level 7.5 Staves
 - Level 2.7 Throwing
 - Level 3.8 Armour
 - Level 6.1 Dodging
 - Level 2.0 Stealth
 + Level 1.0 Spellcasting
 - Level 4.3 Conjurations
 + Level 1.4 Fire Magic
 - Level 2.9 Invocations


You had 5 spell levels left.
You knew the following spells:

 Your Spells              Type           Power        Failure   Level  Hunger
c - Corona                Hex            #......      21%         1    ##.....
s - Animate Skeleton      Necr           N/A          21%         1    ##.....
F - Conjure Flame         Conj/Fire      ##......     17%         3    ####...


Dungeon Overview and Level Annotations

Branches:
Dungeon (7/15)             Temple (1/1) D:4

Altars:
Cheibriados
Dithmenos
Elyvilon
Fedhas
Kikubaaqudgha
Makhleb
Nemelex Xobeh
Okawaru
Qazlal
Sif Muna
Trog
Vehumet
Xom
Yredelemnul
The Shining One

Annotations:
D:5 Stigweard's ghost, experienced DsWn
D:6 2 exclusions


Innate Abilities, Weirdness & Mutations

You can fly.
You have a beak for a mouth.
You have claws for feet.


Message History

The jelly closely misses you. The orc warrior closely misses you.
The jelly hits you but does no damage.
You hear a shout!
You thump the orc warrior! You burn the orc warrior.
You claw the orc warrior, but do no damage.
You peck the orc warrior, but do no damage.
The orc warrior is severely wounded.
The orc warrior barely misses you.
You hit the orc warrior but do no damage.
You claw the orc warrior.
The orc warrior is almost dead.
The orc warrior hits you with a flail!
* * * LOW HITPOINT WARNING * * *
The orc hits you but does no damage.
You hit the orc warrior but do no damage.
You claw the orc warrior, but do no damage.
Your peck misses the orc warrior.
The orc warrior is almost dead.
The orc warrior hits you with a flail!!
You die...

..... .........##.(.....# #.
...... ..........###.....####.
....... ..........<##.......##..
....... ............##.......##.#
....... ......................[)#
...............)).#####.....#####
#................# ##......##
...............o## ##........##
..............oo@## ##..........#
.....#.#..####....# #...........#
.......#..# ##...# #...........#
.......##.## ##..###...........#
.......##..## #................#
.....#.##...####...............##
.....#.##..)....................#
.....#.##.....##.................
...#...##...#....#..##..........#


You could see an orc warrior (berserk) and 2 orcs.

Vanquished Creatures
  A sky beast (D:7)
  An ice beast (D:6)
  An ogre (D:6)
  A big kobold (D:6)
  Duvessa (D:5)
  A giant frog (D:6)
  2 giant frog zombies (Ossuary)
  Dowan (D:5)
  4 orc priests
  5 bog bodies (Ossuary)
  A jelly (D:6)
  6 orc wizards
  Crazy Yiuf (D:3)
  2 hounds
  3 iguanas
  Natasha (thrice) (D:3)
  3 worker ants
  An ogre zombie (Ossuary)
  2 sky beast zombies (Ossuary)
  2 hound zombies
  6 mummies (Ossuary)
  A scorpion zombie (Ossuary)
  8 adders
  A shadow imp (D:5)
  A giant mite (D:1)
  3 worms
  An elf zombie (D:5)
  3 adder zombies (Ossuary)
  3 oozes
  5 giant geckos
  10 orcs
  12 bats
  A bat skeleton (D:6)
  A bat zombie (Ossuary)
  3 giant cockroaches
  16 goblins
  8 hobgoblins
  4 jackals
  15 kobolds
  3 quokkas
  2 ball pythons
  A giant gecko zombie (Ossuary)
  3 giant newts
  A giant newt zombie (Ossuary)
  A goblin zombie (Ossuary)
  5 hobgoblin zombies
  A kobold zombie (Ossuary)
  An orc skeleton (D:4)
  An orc zombie (Ossuary)
  13 rats
  A rat zombie (Ossuary)
177 creatures vanquished.

Vanquished Creatures (others)
  A giant gecko skeleton (D:7)
  A plant (Ossuary)
2 creatures vanquished.

Grand Total: 179 creatures vanquished

Notes
Turn   | Place    | Note
--------------------------------------------------------------
     0 | D:1      | Psiweapon, the Tengu Gladiator, began the quest for the Orb.
     0 | D:1      | Reached XP level 1. HP: 12/12 MP: 1/1
   137 | D:1      | Reached XP level 2. HP: 14/17 MP: 3/3
   574 | D:1      | Reached XP level 3. HP: 20/22 MP: 4/4
   667 | D:2      | Reached skill level 4 in Dodging
   766 | D:2      | Found a snail-covered altar of Cheibriados.
   809 | D:2      | Became a worshipper of Cheibriados the Contemplative
  1009 | D:2      | Reached XP level 4. HP: 20/27 MP: 5/5
  1286 | D:2      | Found a blossoming altar of Fedhas.
  1664 | D:3      | Noticed Natasha
  1668 | D:3      | HP: 1/27 [white imp/puff of frost[Natasha] (12)]
  1670 | D:3      | Killed Natasha
  1670 | D:3      | Reached XP level 5. HP: 10/32 MP: 2/7
  1920 | D:3      | Reached skill level 1 in Armour
  1976 | D:3      | Found a burning altar of Makhleb.
  1976 | D:3      | Noticed a cacodemon
  1988 | D:3      | Noticed Natasha
  1993 | D:3      | Killed Natasha
  2181 | D:3      | Noticed Natasha
  2184 | D:3      | Killed Natasha
  2329 | D:3      | Noticed Crazy Yiuf
  2338 | D:3      | Killed Crazy Yiuf
  2537 | D:4      | Reached XP level 6. HP: 37/37 MP: 8/8
  2552 | D:4      | Reached skill level 5 in Dodging
  2570 | D:4      | Found a sand-covered staircase.
  2576 | Ossuary  | Entered an ossuary
  2605 | Ossuary  | Reached skill level 1 in Stealth
  2647 | Ossuary  | Reached skill level 5 in Staves
  2983 | Ossuary  | Reached XP level 7. HP: 31/41 MP: 9/9
  3000 | Ossuary  | Reached skill level 1 in Invocations
  3529 | D:4      | Reached skill level 6 in Staves
  3709 | D:4      | Found a staircase to the Ecumenical Temple.
  3728 | Temple   | Entered the Ecumenical Temple
  3821 | D:4      | Acquired Cheibriados' first power
  3898 | D:4      | Reached XP level 8. HP: 48/48 MP: 8/12
  4086 | D:5      | Entered Level 5 of the Dungeon
  4151 | D:5      | Noticed Dowan
  4152 | D:5      | Noticed Duvessa
  4161 | D:5      | Killed Duvessa
  4163 | D:5      | Killed Dowan
  4358 | D:5      | Noticed Stigweard's ghost (experienced DsWn)
  4446 | D:7      | Learned a level 3 spell: Conjure Flame
  4499 | D:6      | Reached skill level 1 in Conjurations
  4761 | D:6      | Acquired Cheibriados' second power
  4826 | D:6      | Reached skill level 7 in Staves
  5075 | D:6      | Found a glowing golden altar of the Shining One.
  5205 | D:7      | Learned a level 1 spell: Animate Skeleton
  5207 | D:7      | Learned a level 1 spell: Corona
  5363 | D:7      | Reached skill level 1 in Fire Magic
  5363 | D:7      | Reached XP level 9. HP: 52/52 MP: 10/16
  5444 | D:7      | Reached skill level 1 in Spellcasting
  5457 | D:7      | Slain by an orc warrior

Action                   |  1- 3 |  4- 6 |  7- 9 || total
-------------------------+-------+-------+-------++-------
Melee: Quarterstaff      |    73 |   153 |   185 ||   411
 Fire: Blowgun           |       |       |    10 ||    10
       Hunting sling     |       |       |     4 ||     4
Throw: Throwing net      |     1 |     2 |     5 ||     8
       Stone             |       |       |     1 ||     1
 Cast: Conjure Flame     |       |       |     3 ||     3
       Animate Skeleton  |       |       |     1 ||     1
Invok: Bend Time         |       |     5 |    10 ||    15
 Abil: Fly               |       |     1 |     1 ||     2
Evoke: Wand              |       |       |     1 ||     1
  Use: Potion            |       |     1 |       ||     1
       Scroll            |       |     1 |     7 ||     8
 Stab: Sleeping          |       |     1 |     2 ||     3
       Held in net/web   |       |       |     4 ||     4
  Eat: Chunk             |       |     5 |     6 ||    11
       Fruit             |       |     1 |       ||     1
       Pizza             |       |       |     1 ||     1
